 Dungeon Crawl Stone Soup version 0.31-a0-217-g58bb5d79cf (webtiles) character file.

Game seed: 1449829647425261415

68061 Maxmaps the Convoker (level 14, -2/126 (142) HPs)
             Began as a Demonspawn Hunter on July 3, 2023.
             Was an Initiate of Gozag.
             Slain by a death drake (9 damage)
             ... in a Gauntlet.
             The game lasted 01:23:49 (34032 turns).

Maxmaps the Convoker (Demonspawn Hunter)           Turns: 34032, Time: 01:23:50

HP:   -2/126 (142)  AC: 11    Str: 12    XL:     14   Next: 85%
MP:   28/28         EV: 12    Int: 20    God:    Gozag
Gold: 1650          SH: 11    Dex: 18    Spells: 20/33 levels left

rFire   + + .        O - staff "Ulousm" {rPois rF++ rC+ Stlth+ Poison}
rCold   + + .        M - +0 buckler
rNeg    . . .        t - +0 steam dragon scales
rPois   +            (helmet unavailable)
rElec   .            F - scarf {repulsion}
rCorr   .            S - +0 pair of gloves {Stlth+}
SInv    .            o - +0 pair of boots
Will    +....        G - amulet of reflection Stlth
                     V - ring of protection from cold
HPRegen 0.41/turn    m - +6 ring of intelligence
MPRegen 0.42/turn

%: no teleportation, repel missiles, reflection
@: berserking, lethally poisoned (-2 -> -22), slowed, heavily drained
A: horns 3, icy blue scales 2, demonic guardian 1, magic regeneration
a: Renounce Religion, Potion Petition, Call Merchant, Bribe Branch


You were in a Gauntlet.
You worshipped Gozag.
Gozag was most pleased with you.
You visited 4 branches of the dungeon, and saw 22 of its levels.
You also visited: Gauntlet.

You collected 5506 gold pieces.
You spent 1191 gold pieces at shops.
You paid 2665 gold pieces to Gozag.

Inventory:

Hand Weapons
 I - a +0 orcbow
Missiles
 z - 4 throwing nets
Armour
 o - a +0 pair of boots (worn)
 t - +0 steam dragon scales (worn)
 F - a scarf of repulsion (worn)
 M - a +0 buckler (worn)
 S - a +0 pair of gloves of stealth (worn)
Magical Staves
 O - the staff "Ulousm" (weapon) {rPois rF++ rC+ Stlth+ Poison}
   (You found it on level 11 of the Dungeon)

   [staff of poison]

   Base accuracy: +5 Base damage: 5 Base attack delay: 1.2 This weapon's minimum
   attack delay (0.6) is reached at skill level 12.
   rF:        It greatly protects you from fire.
   rC:        It protects you from cold.
   rPois:     It protects you from poison.
   Poison:    It increases the power of your Poison spells.
   Stlth:     It makes you more stealthy.
   It falls into the 'Staves' category.
   It is a one-handed weapon.
Jewellery
 e - an amulet of magic regeneration
 f - the amulet "Muatu" {RegenMP rC+ Will- rCorr}
   (You found it in a Gauntlet)

   [amulet of magic regeneration]

   It increases your rate of magic regeneration.
   rC:        It protects you from cold.
   rCorr:     It protects you from acid and corrosion.
   Will:      It decreases your willpower.
 i - a ring of wizardry
 m - a +6 ring of intelligence (right hand)
 p - a ring of flight
 E - the ring "Bodu" {*Slow MP+9 Str+3 Int+3 Dex+3}
   (You found it on level 8 of the Dungeon)

   [ring of magical power]

   Str:       It affects your strength (+3).
   Int:       It affects your intelligence (+3).
   Dex:       It affects your dexterity (+3).
   MP:        It affects your magic capacity (+9).
   *Slow:     It may slow you when you take damage.
 G - an amulet of reflection (around neck)
 R - a ring of positive energy
 V - a ring of protection from cold (left hand)
 X - a ring of see invisible
Wands
 y - a wand of flame (23)
 B - a wand of iceblast (37)
 C - a wand of digging (2)
 U - a wand of mindburst (8)
 W - a wand of paralysis (3)
 Y - a wand of polymorph (2)
Scrolls
 b - 4 scrolls of butterflies
 c - 2 scrolls of fear
 h - 2 scrolls of fog
 l - 2 scrolls of silence
 n - 2 scrolls of revelation
 r - 5 scrolls of vulnerability
 u - 2 scrolls of teleportation
 A - a scroll of brand weapon
 D - 4 scrolls of amnesia
 J - 3 scrolls of immolation
 K - 3 scrolls of enchant weapon
 L - 2 scrolls of noise
 P - 2 scrolls of poison
 Z - 2 scrolls of identify
Potions
 d - 4 potions of enlightenment
 g - 4 potions of ambrosia
 j - a potion of mutation
 k - 2 potions of resistance
 q - a potion of haste
 s - 2 potions of might
 v - 2 potions of brilliance
 H - 2 potions of magic
 Q - 4 potions of attraction
Miscellaneous
 a - a phial of floods


   Skills:
 - Level 4.0 Fighting
 - Level 9.2 Staves
 - Level 6.1 Ranged Weapons
 - Level 4.1 Armour
 - Level 1.7 Dodging
 - Level 0.8 Stealth
 - Level 5.0 Shields
 + Level 10.1 Spellcasting
 - Level 18.3 Summonings
 - Level 7.3 Ice Magic


You had 20 spell levels left.
You knew the following spells:

 Your Spells              Type           Power      Damage    Failure   Level
a - Call Imp              Summ           100%       N/A       0%          2
b - Summon Ice Beast      Ice/Summ       57%        N/A       1%          4
c - Summon Hydra          Summ           35%        N/A       4%          7

Your spell library contained the following spells:

 Spells                   Type           Power      Damage    Failure   Level
 Freeze                   Ice            100%       1d10      1%          1
 Frozen Ramparts          Ice            78%        1d12      1%          3
 Summon Guardian Golem    Hex/Summ       46%        N/A       1%          3
 Summon Lightning Spire   Summ/Air       46%        N/A       1%          4
 Hailstorm                Conj/Ice       24%        3d7       6%          3
 Summon Forest            Summ/Tloc      23%        N/A       6%          5
 Beastly Appendage        Tmut           20%        N/A       9%          1
 Magic Dart               Conj           40%        1d5       9%          1
 Sting                    Tmut/Pois      60%        1d6       9%          1
 Blink                    Tloc           20%        N/A       14%         2
 Momentum Strike          Conj/Tloc      20%        3d8       14%         2
 Poisonous Vapours        Pois/Air       30%        N/A       14%         2
 Static Discharge         Conj/Air       20%        2-3/arc   14%         2
 Sublimation of Blood     Necr           10%        N/A       14%         2
 Wereblood                Tmut           10%        N/A       14%         2
 Ice Form                 Ice/Tmut       24%        N/A       21%         4
 Inner Flame              Hex/Fire       10%        N/A       26%         3
 Mephitic Cloud           Conj/Pois/Air  15%        N/A       26%         3
 Spider Form              Tmut/Pois      15%        N/A       26%         3
 Tukima's Dance           Hex            10%        N/A       26%         3
 Airstrike                Air            5%         2d(1-17)  65%         4
 Olgreb's Toxic Radiance  Pois           15%        N/A       65%         4
 Passage of Golubria      Tloc           10%        N/A       65%         4
 Spellforged Servitor     Conj/Summ      23%        N/A       87%         7
 Fireball                 Conj/Fire      5%         3d5       94%         5
 Iskenderun's Battlesphe  Conj           10%        2d6       94%         5
 Yara's Violent Unravell  Hex/Tmut       5%         3d4       94%         5
 Conjure Ball Lightning   Conj/Air       5%         3x3d6     100%        6
 Eringya's Noxious Bog    Tmut/Pois      7%         N/A       100%        6
 Enfeeble                 Hex            5%         N/A       100%        7
 Orb of Destruction       Conj           5%         9d5       100%        7
 Disjunction              Tloc           5%         N/A       100%        8


Dungeon Overview and Level Annotations

Branches:
Dungeon (14/15)            Temple (1/1) D:5            Lair (5/5) D:11
 Shoals (0/4) Lair:3        Snake (0/4) Lair:2        Slime (0/5) Lair:4
    Orc (2/2) D:12            Elf (0/3) Orc:2        Vaults (0/5) D:13
Gauntlet (1/1)

Altars:
Ashenzari
Cheibriados
Dithmenos
Fedhas
Gozag
Hepliaklqana
Kikubaaqudgha
Makhleb
Nemelex Xobeh
Okawaru
Qazlal
Ru
Sif Muna
Trog
Uskayaw
Vehumet
Wu Jian
Xom
Yredelemnul
Lugonu

Shops:
D:6 ?   D:8 *   D:11 *   Orc:1 !

Portals:
Abyss: Lair:5

Annotations:
D:9 1 transporter
D:13 exclusion: catoblepas, Rupert
Lair:2 3 runed translucent doors, Vadghucic's ghost, journeyman DsFE Gauntlet 7 transporters, 2 runed translucent doors


Innate Abilities, Weirdness & Mutations

You have a pair of large horns on your head.
You are mostly covered in icy blue scales. (AC +3)
A weak demonic guardian rushes to your aid.
You regenerate magic rapidly.


Message History

The death drake closely misses you.
You barely miss the death drake.
The death drake is lightly wounded.
The centaur warrior zombie hits you but does no damage.
The centaur warrior zombie barely misses you.
The death drake bites you but does no damage.
The centaur warrior zombie hits you but does no damage.
The centaur warrior zombie barely misses you.
The death drake barely misses you.
Unknown command.
Okay, then. [a] - 416 gold - heal wounds, curing and magic [b] - 240 gold - might and brilliance [c] - 480 gold - haste and resistance Purchase which effect?
You feel much better.
You feel better. Magic courses through your body.
The centaur warrior zombie hits you but does no damage.
The centaur warrior zombie kicks you but does no damage.
The death drake closely misses you. The centaur warrior zombie hits you.
The centaur warrior zombie kicks you but does no damage.
The death drake bites you.
* * * LOW HITPOINT WARNING * * *
A red film seems to cover your vision as you go berserk!
You feel yourself moving faster!
You feel mighty! The death drake bites you!
* * * LOW HITPOINT WARNING * * *
The centaur warrior zombie barely misses you. x2
The centaur warrior zombie hits you but does no damage.
The centaur warrior zombie kicks you but does no damage.
The death drake breathes miasma at you. The foul vapour engulfs you!
* * * LOW HITPOINT WARNING * * *
You hit the death drake! You headbutt the death drake!
The death drake is moderately wounded.
You are engulfed in dark miasma.
You are lethally poisoned!
* * * LOW HITPOINT WARNING * * *
x2 You feel very sick.
The death drake bites you!
You die...
Your body crumbles into a pile of gold.

#.#...#####x^.#.###.≈## .#
#.©####©.©#X##.##©#.## ⌠.##
#.....#.⌠.###.#.X)#..##.....
.####.#...##.x##)[#...#.⌠.#
......#.⌠.#.xXx##x#.∩.#...#
#######...#########...#.©.#
......#.⌠.....#.....⌠.#......
#######...#########...#.©.##.
#...###.⌠.##.#.#@##.∩.#...#
#...###...#.#.#k#Z#...#.⌠Z#
.+##|##.⌠.##.#Z#Z##..##.....
.#©#yy#©.©#.#°#Z#©#.## .⌠.##
.##+.#######°#°#$##.≈## .#
#...###...#°#°#.#[#.≈≈#
#...###.⌠.##°#°#.##.≈##
#######...#########.##
....................≈#


You could see a death drake (catching breath), 2 large abominations, a spectral
wolf spider, a spectral redback, a spectral meliai, 4 small abominations and a
centaur warrior zombie.

Vanquished Creatures
  A yaktaur captain (D:11)
  A two-headed ogre (D:9)
  A death yak (Lair:4)
  A glowing orange brain (shapeshifter) (D:11)
  An elephant (Lair:1)
  Maggie (D:6)
  2 cane toads (Lair:4)
  A komodo dragon (Lair:1)
  A polar bear (Lair:4)
  A troll (Orc:1)
  6 blink frogs
  3 nameless horrors
  A ynoxinul (Lair:5)
  3 wyverns
  3 yaks (D:6)
  2 humans (D:13)
  2 steam dragons
  6 water moccasins
  An acid dragon (D:11)
  2 orc warriors
  A sky beast (D:6)
  A black bear (D:5)
  2 ogres
  2 centaurs
  2 lemures (D:5)
  9 bullfrogs
  2 kobold brigands (D:9)
  A scorpion (D:7)
  6 wights
  2 electric eels (D:12)
  3 jellies
  5 orc priests
  3 hounds
  2 sleepcaps
  Natasha (thrice) (D:2)
  8 orc wizards
  2 hell rats (Lair:3)
  3 gnolls (Orc:1)
  7 adders
  3 shadow imps
  An ufetubus (D:6)
  A worm (D:2)
  2 dart slugs (D:2)
  41 orcs
  3 bats
  7 endoplasms
  A giant cockroach (D:1)
  13 goblins
  9 hobgoblins
  13 jackals
  13 kobolds
  3 quokkas
  8 ball pythons
  A frilled lizard (D:1)
  8 rats
231 creatures vanquished.

Vanquished Creatures (collateral kills)
  An orc warlord (Orc:1)
  3 hydras
  5 vault guards (D:13)
  A rakshasa (D:11)
  Erolcha (D:9)
  2 death knights (D:11)
  A centaur warrior (D:11)
  2 boulder beetles (D:11)
  2 two-headed ogres (D:10)
  10 death yaks
  A tengu warrior (D:11)
  3 thrashing horrors (Lair:5)
  A soul eater (Gauntlet)
  Sonja (D:13)
  A skyshark (Lair:5)
  Pikel (D:5)
  2 orc knights
  A wizard (D:9)
  3 deep elf pyromancers
  A salamander (Lair:2)
  3 manticores (D:11)
  2 orc sorcerers
  6 ugly things
  A cyclops (D:11)
  3 elephants (Lair:1)
  6 black mambas
  2 smoke demons (Lair:5)
  A gargoyle (D:11)
  11 cane toads
  5 komodo dragons
  A kobold demonologist (D:11)
  An efreet (D:11)
  An ancient zyme (Lair:5)
  5 trolls
  A hornet (D:7)
  A wind drake (shapeshifter) (D:13)
  5 nameless horrors
  4 large abominations (Lair:5)
  A snapping turtle (Lair:3)
  21 blink frogs
  6 slime creatures
  2 spriggans
  A ynoxinul (Lair:5)
  A wyvern (Lair:2)
  17 yaks
  3 shadows
  3 basilisks
  A vampire (D:11)
  5 humans (D:13)
  A yak (shapeshifter) (Lair:5)
  A steam dragon (D:8)
  A wyvern (shapeshifter) (Lair:5)
  A chaos spawn (Lair:5)
  A fire elemental (Orc:2)
  4 wargs (Orc:1)
  13 small abominations (Lair:5)
  2 acid dragons
  10 water moccasins
  An ice beast (D:5)
  14 orc warriors
  A sky beast (D:7)
  2 ogres
  4 wolves (Lair:4)
  A phantom (D:4)
  A lemure (D:5)
  2 kobold brigands
  10 bullfrogs
  A gnoll sergeant (D:11)
  A scorpion (D:6)
  6 wights
  4 killer bees
  5 electric eels
  4 lava snakes (Lair:2)
  A crimson imp (D:9)
  4 jellies
  9 orc priests
  An iguana (D:5)
  5 hell rats (Lair:3)
  7 orc wizards
  8 gnolls
  2 adders
  6 shadow imps
  A white imp (Gauntlet)
  25 orcs
  An endoplasm (D:4)
  4 kobolds
328 creatures vanquished.

Vanquished Creatures (others)
  A wizard (Gauntlet)
  A centaur simulacrum (D:11)
2 creatures vanquished.

Grand Total: 561 creatures vanquished

Notes
Turn   | Place    | Note
-------+----------+-------------------------------------------
     0 | D:1      | Maxmaps the Demonspawn Hunter began the quest for the Orb.
     0 | D:1      | Reached XP level 1. HP: 16/16 MP: 1/1
    40 | D:1      | Gained mutation: You are partially covered in icy blue
                  | scales. (AC +2) [demonic ancestry]
    40 | D:1      | Reached XP level 2. HP: 18/22 MP: 2/2
   371 | D:1      | Reached XP level 3. HP: 27/27 MP: 3/3
   801 | D:2      | Noticed Natasha
   850 | D:2      | Killed Natasha
   851 | D:2      | Reached skill level 5 in Ranged Weapons
   851 | D:2      | Gained mutation: You are mostly covered in icy blue scales.
                  | (AC +3) [demonic ancestry]
   851 | D:2      | Reached XP level 4. HP: 17/33 MP: 4/4
  1235 | D:2      | Noticed Natasha
  1243 | D:2      | Killed Natasha
  1248 | D:2      | Noticed Natasha
  1263 | D:2      | Killed Natasha
  1264 | D:2      | Gained mutation: You regenerate magic rapidly. [demonic
                  | ancestry]
  1264 | D:2      | Reached XP level 5. HP: 8/38 MP: 5/5
  1722 | D:2      | Learned a level 2 spell: Call Imp
  2231 | D:3      | Found a blossoming altar of Fedhas.
  2234 | D:3      | Found an opulent altar of Gozag.
  2238 | D:3      | Found a burning altar of Makhleb.
  2242 | D:3      | Became a worshipper of Gozag Ym Sagoz the Greedy
  2256 | D:3      | Found a faded altar of an unknown god.
  2297 | D:3      | Reached skill level 1 in Spellcasting
  2648 | D:3      | Gained mutation: You have a pair of small horns on your
                  | head. [demonic ancestry]
  2648 | D:3      | Reached XP level 6. HP: 25/44 MP: 9/9
  3335 | D:4      | Reached skill level 1 in Summonings
  3561 | D:4      | Reached skill level 2 in Summonings
  3755 | D:4      | Reached skill level 3 in Summonings
  3755 | D:4      | Reached XP level 7. HP: 50/50 MP: 8/11
  3988 | D:5      | Entered Level 5 of the Dungeon
  3992 | D:5      | Found a staircase to the Ecumenical Temple.
  4026 | Temple   | Entered the Ecumenical Temple
  4376 | D:5      | Reached skill level 4 in Summonings
  4577 | D:5      | Reached skill level 5 in Summonings
  4900 | D:6      | Noticed Pikel
  5514 | D:5      | Learned a level 4 spell: Summon Ice Beast
  5549 | D:5      | Killed Pikel
  5550 | D:5      | Reached skill level 7 in Summonings
  5550 | D:5      | Reached XP level 8. HP: 47/56 MP: 10/12
  5803 | D:6      | Noticed Maggie
  5826 | D:6      | Killed Maggie
  5827 | D:6      | Reached skill level 8 in Summonings
  6067 | D:6      | Reached skill level 9 in Summonings
  6136 | D:6      | Reached skill level 1 in Ice Magic
  6175 | D:6      | Reached XP level 9. HP: 61/61 MP: 7/13
  6207 | D:6      | Reached skill level 5 in Ice Magic
  6375 | D:6      | Found Tumnesmi's Magic Scroll Emporium.
  6385 | D:6      | Bought a scroll of identify for 22 gold pieces
  6385 | D:6      | Bought a scroll of identify for 22 gold pieces
  6385 | D:6      | Bought a scroll of identify for 22 gold pieces
  6385 | D:6      | Bought a scroll of identify for 22 gold pieces
  6385 | D:6      | Bought a scroll of teleportation for 33 gold pieces
  6990 | D:7      | Paralysed by a hornet for 2 turns
  8161 | D:7      | Reached skill level 10 in Summonings
  8161 | D:7      | Gained mutation: You have a pair of horns on your head.
                  | [demonic ancestry]
  8161 | D:7      | Reached XP level 10. HP: 39/67 MP: 10/14
  8570 | D:8      | Learned a level 7 spell: Summon Hydra
  8674 | D:8      | Found Zymeijie's Island Escapes.
  8743 | D:8      | Identified the ring "Bodu" {*Slow MP+9 Str+3 Int+3 Dex+3}
  8791 | D:8      | Bought a scroll of teleportation for 42 gold pieces
  8791 | D:8      | Bought a scroll of teleportation for 42 gold pieces
  8791 | D:8      | Bought a ring of flight for 245 gold pieces
  8791 | D:8      | Bought a wand of digging (7) for 411 gold pieces
  9435 | D:9      | Found a sparkling altar of Nemelex Xobeh.
  9435 | D:9      | Found a transporter.
  9435 | D:9      | Noticed a centaur warrior
  9652 | D:9      | Noticed Erolcha
  9740 | D:9      | Killed Erolcha
  9741 | D:9      | Reached skill level 11 in Summonings
  9872 | D:9      | Noticed a two-headed ogre
  9880 | D:9      | Killed a two-headed ogre
  9881 | D:9      | Reached skill level 12 in Summonings
 10679 | D:9      | Noticed a wizard
 10729 | D:9      | Killed a wizard
 10730 | D:9      | Reached skill level 13 in Summonings
 10767 | D:9      | Identified the +4 quarterstaff "Joadduz" {flame, Contam
                  | Str+3 Dex+7}
 10878 | D:10     | Entered Level 10 of the Dungeon
 10896 | D:10     | Noticed a two-headed ogre
 10904 | D:10     | Killed a two-headed ogre
 10905 | D:10     | Gained mutation: You have a pair of large horns on your
                  | head. [demonic ancestry]
 10905 | D:10     | Reached XP level 11. HP: 72/72 MP: 10/15
 10941 | D:10     | Noticed a two-headed ogre
 10968 | D:10     | Killed a two-headed ogre
 11423 | D:10     | Found a hide-covered altar of Uskayaw.
 11503 | D:10     | Found a shadowy altar of Dithmenos.
 11660 | D:11     | Found a staircase to the Lair.
 11718 | D:11     | Got the Quarto of the Energetic Excursion
 11733 | D:11     | Noticed a cyan ugly thing
 11737 | D:11     | HP: 3/72 [cyan ugly thing (13)]
 11909 | D:11     | Found a large runed translucent door.
 11909 | D:11     | Found a large runed translucent door.
 11917 | D:11     | Reached skill level 14 in Summonings
 12107 | D:11     | Found a large runed translucent door.
 12107 | D:11     | Found a large runed translucent door.
 12107 | D:11     | Noticed a boulder beetle
 12113 | D:11     | Noticed a rakshasa
 12181 | D:11     | You fall into a shaft and drop 1 floor!
 12182 | D:12     | Noticed a cyan ugly thing
 12460 | D:12     | Noticed a deep elf pyromancer
 12488 | D:12     | Killed a deep elf pyromancer
 12737 | D:12     | Killed a cyan ugly thing
 12738 | D:12     | Reached skill level 15 in Summonings
 12740 | D:12     | Noticed a white ugly thing
 12749 | D:12     | Killed a white ugly thing
 13300 | D:12     | Found a staircase to the Orcish Mines.
 13674 | D:12     | HP: 2/72 [something (17)]
 14003 | D:11     | Noticed a tengu warrior
 14012 | Lair:1   | Entered Level 1 of the Lair of Beasts
 14088 | D:11     | Killed a tengu warrior
 14126 | D:11     | Noticed a red ugly thing
 14131 | D:11     | Killed a red ugly thing
 14132 | D:11     | Reached skill level 16 in Summonings
 14134 | D:11     | Killed a cyan ugly thing
 14332 | D:11     | a swamp worm changed into a glowing orange brain
 14332 | D:11     | Noticed a glowing orange brain (shapeshifter)
 14335 | D:11     | Killed a glowing orange brain
 14336 | D:11     | Reached XP level 12. HP: 31/78 MP: 11/16
 14482 | D:11     | Noticed a boulder beetle
 14496 | D:11     | Killed a boulder beetle
 14503 | D:11     | Noticed a yaktaur captain
 14938 | D:11     | Killed a yaktaur captain
 15300 | D:11     | Reached skill level 17 in Summonings
 16114 | D:11     | Noticed a death knight
 16140 | D:11     | Noticed a death knight
 16274 | D:11     | Killed a death knight
 16317 | D:11     | Reached skill level 18 in Summonings
 16489 | D:11     | Killed a rakshasa
 16635 | D:11     | Noticed a centaur warrior
 16640 | D:11     | Killed a centaur warrior
 16775 | D:11     | Identified the staff "Ulousm" {rPois rF++ rC+ Stlth+
                  | Poison}
 17142 | Lair:1   | Reached skill level 1 in Shields
 17943 | Lair:1   | Reached skill level 5 in Shields
 18383 | Lair:2   | Reached skill level 1 in Armour
 18383 | Lair:2   | Gained mutation: A weak demonic guardian rushes to your
                  | aid. [demonic ancestry]
 18383 | Lair:2   | Reached XP level 13. HP: 61/83 MP: 10/17
 18471 | Lair:2   | Found a staircase to the Snake Pit.
 19207 | Lair:2   | Found a runed translucent gate.
 19207 | Lair:2   | Found a runed translucent gate.
 19485 | Lair:2   | Found a runed translucent gate.
 20830 | Orc:1    | Entered Level 1 of the Orcish Mines
 20833 | Orc:1    | Found Yquom's Distillery.
 21286 | Orc:1    | Reached skill level 1 in Staves
 21687 | Orc:1    | Noticed an orc warlord
 21755 | D:12     | HP: 4/80 [orc warrior/+0 halberd[an orc warlord] (17)]
 22868 | Lair:2   | Noticed Vadghucic's ghost (journeyman DsFE)
 22870 | Lair:2   | Found the +3 Mad Mage's Maulers {Infuse+∞ VampMP -Cast}
 23073 | D:11     | Bought 2 fizzy cyan potions for 55 gold pieces
 23073 | D:11     | Bought an orange potion for 27 gold pieces
 23073 | D:11     | Bought a blackened brass ring for 155 gold pieces
 23073 | D:11     | Bought a scroll of teleportation for 93 gold pieces
 23758 | D:13     | Identified the +3 plate armour of the Big Bang {rPois rN+}
 23769 | D:13     | Reached skill level 5 in Staves
 24119 | D:13     | Found a gate to the Vaults.
 24544 | D:13     | Noticed Sonja
 24566 | D:13     | Killed Sonja
 24743 | D:13     | Noticed Rupert
 25874 | Lair:3   | Identified the +4 whip "Loekhuodeo" {elec, Fragile rElec
                  | rF+ Int+4}
 26402 | Lair:3   | Reached XP level 14. HP: 90/95 MP: 7/18
 26937 | Lair:3   | Found a staircase to the Shoals.
 28607 | Lair:4   | Found a staircase to the Slime Pits.
 28878 | Lair:4   | Reached skill level 5 in Spellcasting
 30162 | Lair:5   | Entered Level 5 of the Lair of Beasts
 31741 | Lair:5   | Identified the amulet of Qanuekk {Faith rC+ MP+9}
 32337 | Lair:5   | Found a corrupted altar of Lugonu.
 32337 | Lair:5   | Found a one-way gate to the infinite horrors of the Abyss.
 32975 | Orc:1    | Killed an orc warlord
 33367 | Orc:2    | Entered Level 2 of the Orcish Mines
 33367 | Orc:2    | Found a staircase to the Elven Halls.
 33425 | Orc:2    | Found a gate leading to a gauntlet.
 33448 | Gauntlet | Entered a Gauntlet
 33448 | Gauntlet | Found a transporter.
 33448 | Gauntlet | Found a transporter.
 33560 | Gauntlet | Found a transporter.
 33564 | Gauntlet | Found a transporter.
 33572 | Gauntlet | Found a transporter.
 33576 | Gauntlet | Found a transporter.
 33585 | Gauntlet | Found a transporter.
 33601 | Gauntlet | Found a transporter.
 33616 | Gauntlet | Found a transporter.
 33619 | Gauntlet | Found a transporter.
 33621 | Gauntlet | Found a runed translucent door.
 33623 | Gauntlet | Found a runed translucent door.
 33627 | Gauntlet | Found a transporter.
 33631 | Gauntlet | Found a transporter.
 33695 | Gauntlet | Reached skill level 10 in Spellcasting
 33764 | Gauntlet | Identified the amulet "Muatu" {RegenMP rC+ Will- rCorr}
 34027 | Gauntlet | HP: 4/84 [centaur warrior zombie (2)]
 34032 | Gauntlet | Slain by a death drake

Illustrated notes

Levels and vault maps discovered:
D:1:      dpeg_arrival_long_road, layout_loops_cross, minmay_cupped
D:2:      layout_basic, minmay_ruptured, uniq_natasha
D:3:      layout_loops_ring, grunt_temple_overflow_diamond,
          basic_ecumenical_altar
D:4:      layout_gridville
D:5:      layout_rooms, minmay_temple_entry_glassed_door
D:6:      layout_loops_corners, serial_shops, shop, uniq_maggie, uniq_pikel
D:7:      minmay_angry_zag, layout_basic, minmay_misc_feat_more_columns
D:8:      layout_gridville, nicolae_island_escapes
D:9:      layout_cave_pods, grunt_nemelex_the_gamble, lightli_wizard_tower,
          uniq_erolcha
D:10:     layout_roguey, nicolae_overflow_hidden_temple,
          kennysheep_generic_room_4
D:11:     nicolae_hexawheel, layout_irregular_city, lair_entry_dummy,
          minmay_hollow_rounded_squares
D:12:     layout_rooms, erik_orc_2
D:13:     layout_irregular_city, ximxim_vaults_locker_room, uniq_sonja,
          uniq_rupert
D:14:     layout_basic, roderic_serpentine_path, gammafunk_ghost_mausoleum,
          uniq_nessos
Temple:   minmay_temple_curvy_branch
Lair:1:   layout_loops_ring
Lair:2:   layout_regular_city, nicolae_snake_entry_warm_welcome,
          gammafunk_ghost_icy, lemuel_fruit_fields
Lair:3:   layout_layer_cave, minmay_shoals_entry_hut, lemuel_fruit_tree,
          grunt_megastairs_5
Lair:4:   layout_layer_cave, nicolae_slime_entry_field_trip,
          nicolae_lair_grove_arrangements, grunt_forest_large_clearing_hut
Lair:5:   hellmonk_lair_end_abyssal_woods, layout_misc_corridors,
          nicolae_lair_lil_pond, grunt_megastairs_3, serial_bayou_shore_a,
          lemuel_fruit_fields
Orc:1:    layout_diamond_mine, serial_shops, nicolae_shop_hallway_stairs,
          basic_altar
Orc:2:    grunt_orc_tribal_feast, layout_diamond_mine,
          nicolae_volcano_entry_lava_flow, gauntlet_entry_generic, uniq_snorg,
          uniq_azrael
Gauntlet: minmay_gauntlet_77_indecision
          [minmay_gauntlet_arena_77_terracotta_army,
          minmay_gauntlet_arena_77_hold_the_fort,
          minmay_gauntlet_arena_77_radiant_squares,
          minmay_gauntlet_arena_77_cramped, minmay_gauntlet_arena_77_fan,
          minmay_gauntlet_arena_77_checkered, gauntlet_exit_hidden_loot]

Skill      XL: |  1  2  3  4  5  6  7  8  9 10 11 12 13 14 |
---------------+-------------------------------------------+-----
Ranged Weapons | 4 5 6 |  6.1
Spellcasting   | 2 3 10 | 10.1
Summonings     | 3 7 9 10 13 16 18 | 18.3
Ice Magic      | 3 7 |  7.3
Shields        | 5 |  5.0
Armour         | 1 4 |  4.1
Fighting       | 4 |  4.0
Staves         | 8 9 |  9.2
Dodging        | |  1.7
Stealth        | |  0.8

Action                     |  1- 3 |  4- 6 |  7- 9 | 10-12 | 13-15 || total
---------------------------+-------+-------+-------+-------+-------++-------
  Melee: Spear             |       |       |       |    73 |    74 ||   147
         Headbutt          |       |       |       |    20 |   228 ||   248
         Staff             |       |       |       |       |   678 ||   678
   Fire: Shortbow          |    97 |   279 |   376 |    64 |       ||   816
         Orcbow            |       |       |       |   389 |       ||   389
   Cast: Call Imp          |       |     7 |    26 |    30 |    13 ||    76
         Summon Ice Beast  |       |       |    19 |    52 |    44 ||   115
         Summon Hydra      |       |       |       |    35 |   122 ||   157
 Invoke: Potion Petition   |       |       |       |     1 |     5 ||     6
         Call Merchant     |       |       |       |       |     1 ||     1
  Evoke: Wand              |       |       |       |     1 |     4 ||     5
    Use: Potion            |       |     1 |     5 |     5 |    12 ||    23
         Scroll            |       |     7 |     6 |    10 |    13 ||    36
   Stab: Distracted        |       |       |       |     3 |     8 ||    11
         Sleeping          |       |       |       |     1 |     1 ||     2
         Invisible         |       |       |       |       |     1 ||     1
 Armour: Leather armour    |    11 |       |       |       |       ||    11
         Ring mail         |     8 |    65 |   106 |       |       ||   179
         Skin              |       |       |     5 |       |       ||     5
         Steam dragon scal |       |       |    38 |   136 |   244 ||   418
  Dodge: Dodged            |    26 |    70 |   175 |   227 |   362 ||   860
         Repelled          |       |       |       |     3 |     7 ||    10
  Block: Buckler           |       |       |       |    44 |   414 ||   458
         Reflection        |       |       |       |       |    12 ||    12

Table legend: (Time is in decaauts)
 A = Elapsed time spent in this place.
 B = Non-inter-level travel time spent in this place.
 C = Inter-level travel time spent in this place.
 D = Time resting spent in this place.
 E = Time spent auto-exploring this place.
 F = Levels seen in this place.
 G = Mean time per level.
                   A        B        C        D        E       F      G
               +--------+--------+--------+--------+--------+-----+--------+
         Total |  34269 |  32314 |   1955 |  10870 |  15196 |  23 | 1490.0 |
       Dungeon |  20910 |  19602 |   1308 |   6505 |   9424 |  14 | 1493.6 |
        Temple |    292 |    287 |      5 |      0 |    287 |   1 |  292.0 |
          Lair |  11133 |  10587 |    546 |   4000 |   4751 |   5 | 2226.6 |
  Orcish Mines |   1349 |   1253 |     96 |    147 |    538 |   2 |  674.5 |
      Gauntlet |    584 |    584 |      0 |    218 |    196 |   1 |  584.0 |
               +--------+--------+--------+--------+--------+-----+--------+

Top non-repeatable levels by time:
    D:11: 4051 daAuts
    D:12: 3268 daAuts
  Lair:3: 3099 daAuts
  Lair:2: 2645 daAuts
  Lair:5: 2476 daAuts
    D:13: 1780 daAuts
     D:7: 1715 daAuts
  Lair:1: 1655 daAuts
     D:9: 1499 daAuts
     D:2: 1498 daAuts
     D:6: 1444 daAuts
   Orc:1: 1273 daAuts
  Lair:4: 1256 daAuts
     D:3: 1115 daAuts
     D:5: 1090 daAuts
